 Dungeon Crawl Stone Soup version 0.22-a0-282-gdd34a7d (webtiles) character file.

18 Amnesiac the Gusty (level 2, -1/15 HPs)
             Began as a Tengu Air Elementalist on Mar 17, 2018.
             Slain by a gnoll
             ... wielding a +0 spear
              (4 damage)
             ... on level 2 of the Dungeon.
             The game lasted 00:01:27 (826 turns).

Amnesiac the Gusty (Tengu Air Elementalist)          Turns: 826, Time: 00:01:28

Health: -1/15      AC:  2    Str:  8    XL:     2   Next: 66%
Magic:  6/6        EV: 12    Int: 15    God:
Gold:   20         SH:  0    Dex: 14    Spells: 4/5 levels left

rFire    . . .     SeeInvis .   (no weapon)
rCold    . . .     Gourm    .   (no shield)
rNeg     . . .     Faith    .   a - +0 robe
rPois    .         Spirit   .   (helmet restricted)
rElec    .         Reflect  .   (no cloak)
rCorr    .         Harm     .   (no gloves)
MR       .....                  (boots unavailable)
Stlth    ++........             (no amulet)
HPRegen  0.05/turn              (no ring)
MPRegen  0.10/turn              (no ring)

@: no status effects
A: beak, talons 3
a: no special abilities


You were on level 2 of the Dungeon.
You were not hungry.

You visited 1 branch of the dungeon, and saw 3 of its levels.

You collected 20 gold pieces.

Inventory:

Hand Weapons
 e - a +1 vampiric dagger
Missiles
 k - 6 curare-tipped needles
Armour
 a - a +0 robe (worn)
Scrolls
 d - a scroll of remove curse {!r, unknown}
 g - a scroll of enchant armour {!r, unknown}
 h - a scroll of immolation {!r, unknown}
 i - a scroll of amnesia {!r, unknown}
 j - a scroll of fear {!r, unknown}
Potions
 f - a potion of heal wounds {!q, unknown}
Comestibles
 c - 3 rations


   Skills:
 - Level 2.1 Dodging
 - Level 2.0 Stealth
 - Level 2.0 Spellcasting
 + Level 3.5 Conjurations
 - Level 4.0 Air Magic


You had 4 spell levels left.
You knew the following spells:

 Your Spells              Type           Power        Failure   Level  Hunger
a - Shock                 Conj/Air       ##..         4%          1    #......


Dungeon Overview and Level Annotations

Branches:
Dungeon (3/15)

Altars:


Innate Abilities, Weirdness & Mutations

You have a beak for a mouth.
You have claws for feet.


Message History

Found a scroll labeled ESTUEV GENERO and a spear.
There are monsters nearby!
Casting: Shock (safe; 4% risk of failure)
Confirm with . or Enter, or press ? or * to list all spells.
Aiming: Shock (safe; 4% risk of failure)
Press: ? - help, Shift-Dir - straight line, f/p - hobgoblin
Aim: a hobgoblin, wielding a club (severely wounded)
The zap hits the hobgoblin.
You kill the hobgoblin!
The zap hits the gnoll.
The gnoll is moderately wounded.
The zap hits the gnoll.
The gnoll appears unharmed.
A gnoll comes into view. It is wielding a halberd.
There are monsters nearby!
A kobold comes into view.
It is wielding an enchanted short sword.
The gnoll shouts!
You hear a shout!
The gnoll barely misses you.
A gnoll comes into view. It is wielding a spear.
You see here a club.
There are monsters nearby!
Casting: Shock (safe; 4% risk of failure)
Confirm with . or Enter, or press ? or * to list all spells.
You don't have enough magic to cast that spell.
There are monsters nearby!
Casting: Shock (safe; 4% risk of failure)
Confirm with . or Enter, or press ? or * to list all spells.
You don't have enough magic to cast that spell.
The kobold shouts!
There is a stone staircase leading up here.
You climb upwards.
There is a stone staircase leading down here.
There is an open door here.
There is an open door here.
HP restored.
There is an escape hatch in the floor here.
You slide downwards.
The hatch slams shut behind you.
There are monsters nearby!
You open the door.
The dart slug falls off the door.
A dart slug comes into view.
The gnoll hits you from afar with a spear.
Found 13 gold pieces.
Found a stone staircase leading down.
There is an open door here.
There is a stone staircase leading down here.
The gnoll hits you from afar with a spear.
* * * LOW HITPOINT WARNING * * *
You climb downwards.
A frilled lizard comes into view.
There is a stone staircase leading up here.
Okay, then.
You start resting.
A worm comes into view.
A worm is nearby!
The frilled lizard hisses angrily.
There is a stone staircase leading up here.
You climb upwards.
The gnoll closely misses you. x2
There is a stone staircase leading down, spattered with blood here.
The gnoll closely misses you.
The gnoll hits you from afar with a spear.
* * * LOW HITPOINT WARNING * * *
Found 21 gold pieces.
Unknown command.
The gnoll barely misses you.
The gnoll hits you from afar with a spear.
You die...

.........#
.........#
.........#
.........#
....$....#
.........######
...............
####@###
######......#
#.......gg#.#####
#.......w>.......
#...$..K.########
#......g.#
######g###
###.#######
#.........#


You could see 4 gnolls, a dart slug and a kobold.

Vanquished Creatures
  5 bats (D:1)
  A giant cockroach (D:1)
  4 goblins
  2 hobgoblins
  A frilled lizard (D:2)
  2 kobolds (D:1)
  4 rats (D:1)
19 creatures vanquished.

Notes
Turn   | Place    | Note
-------+----------+-------------------------------------------
     0 | D:1      | Amnesiac the Tengu Air Elementalist began the quest for the Orb.
     0 | D:1      | Reached XP level 1. HP: 10/10 MP: 4/4
   230 | D:1      | Reached XP level 2. HP: 15/15 MP: 0/6
   826 | D:2      | Slain by a gnoll

Vault maps used:
D:1:      minmay_arrival_five_plusses
D:2:      st_stairs_7, nemelex_xobeh_ov_fountains_minmay

Skill      XL: |  1  2 |
---------------+-------+-----
Conjurations   | 2 3 |  3.5
Dodging        | |  2.1
Stealth        | |  2.0
Spellcasting   | |  2.0
Air Magic      | |  4.0

Action                   || total
-------------------------++-------
Melee: Unarmed           ||    14
       Kick              ||     4
 Cast: Shock             ||    31
Armor: Robe              ||     4
Dodge: Dodged            ||    21

Table legend:
 A = Spawn XP
 B = Non-spawn XP
 C = Spawn XP percentage of total XP
 D = Spawn monster count
 E = Non-spawn monster count
 F = Spawn count percentage of total count
 G = Total turns spent on level
                    A         B        C        D         E        F      G
               +---------+---------+-------+---------+---------+-------+---------
         Total |       0 |      26 |   0.0 |       0 |      19 |   0.0 |   826
               +---------+---------+-------+---------+---------+-------+---------
           D:1 |       0 |      21 |   0.0 |       0 |      16 |   0.0 |   757
           D:2 |       0 |       5 |   0.0 |       0 |       3 |   0.0 |    39
               +---------+---------+-------+---------+---------+-------+---------
